 Dungeon Crawl Stone Soup version 0.26-a0-689-gc93c913f66 (webtiles) character file.

Game seed: 102287882100736577

211 Kinoniko the Ruffian (level 5, -4/75 HPs)
             Began as a Troll Monk on Oct 23, 2020.
             Slain by a worker ant (5 damage)
             ... on level 4 of the Dungeon.
             The game lasted 00:04:11 (2107 turns).

Kinoniko the Ruffian (Troll Monk)                   Turns: 2107, Time: 00:04:11

Health: -4/75      AC: 22    Str: 19    XL:     5   Next: 57%
Magic:  0/4        EV:  1    Int:  6    God:
Gold:   240        SH:  0    Dex: 13    Spells: 4/4 levels left

rFire    . . .     SeeInvis .   m - +0 long sword
rCold    . . .     Faith    .   (no shield)
rNeg     + + +     Spirit   +   (armour currently unavailable)
rPois    +         Reflect  .   (helmet currently unavailable)
rElec    .         Harm     .   (cloak currently unavailable)
rCorr    .         Rampage  .   (gloves unavailable)
MR       .....     NoTele   +   (boots unavailable)
Stlth    ++........             h - amulet of guardian spirit
HPRegen  0.62/turn              (no ring)
MPRegen  0.09/turn              (no ring)

@: lethally poisoned (-4 -> -4), tree-form
A: large, unfitting armour, regeneration 1
a: no special abilities


You were on level 4 of the Dungeon.
You were a tree.
You visited 1 branch of the dungeon, and saw 4 of its levels.

You collected 240 gold pieces.

Inventory:

Hand Weapons
 m - a +0 long sword (weapon)
Armour
 a - a +0 robe (melded)
 f - a +0 cloak (melded)
Jewellery
 g - an uncursed amulet of magic regeneration
 h - an amulet of guardian spirit (around neck)
 i - a cursed +6 ring of intelligence {unknown}
 k - an uncursed amulet of the acrobat {unknown}
Wands
 e - a wand of random effects (13)
Scrolls
 b - 4 scrolls of identify
 c - a scroll of teleportation {unknown}
 d - a scroll of amnesia {unknown}
 j - 2 scrolls of fear {unknown}
 l - a scroll of fog {unknown}
 p - a scroll of immolation {unknown}
Potions
 n - a potion of stabbing


   Skills:
 - Level 2.4 Fighting
 * Level 0.1 Long Blades
 - Level 2.4 Dodging
 - Level 1.0 Stealth
 * Level 6.3 Unarmed Combat


You had 4 spell levels left.
You didn't know any spells.
Your spell library was empty.

Dungeon Overview and Level Annotations

Branches:
Dungeon (4/15)
 Temple: D:4-7

Altars:
Fedhas


Innate Abilities, Weirdness & Mutations

You are too large for most types of armour.
((You have claws for hands.))
Your natural rate of healing is unusually fast.
((You are covered in fur. (AC +1)))
((You have extremely tough skin. (AC +3)))


Message History

* * * LOW HITPOINT WARNING * * *
You closely miss the orc priest.
The orc priest is moderately wounded.
You feel sick.
The worker ant bites you but does no damage.
The orc priest hits you but does no damage.
The worker ant bites you but does no damage.
Unknown command.
You hit the orc priest.
The orc priest is moderately wounded.
You feel sick.
The orc priest hits you but does no damage.
The worker ant bites you but does no damage.
The orc priest looks satisfied for a moment.
The worker ant bites you.
* * * LOW HITPOINT WARNING * * *
You barely miss the orc priest. You punch the orc priest.
The orc priest is moderately wounded.
You feel sick. The worker ant bites you.
You die...

##..## #.....#
.......## ##
.....#..#####.##
.....#<....#...#
...............#
.###...........#
.......<.B♣o..#
#............##
###.###......#
.. .......## .
........##
........#.
.....!...##
.......#.#


You could see a worker ant and an orc priest.

Vanquished Creatures
  A centaur skeleton (D:3)
  Crazy Yiuf (D:2)
  Natasha (thrice) (D:2)
  An adder (D:2)
  An ooze (D:3)
  2 worms
  A leopard gecko (D:3)
  4 orcs (D:3)
  A ball python (D:2)
  9 bats
  4 giant cockroaches
  4 goblins
  10 hobgoblins
  2 jackals (D:3)
  3 frilled lizards
  5 kobolds
  6 rats
58 creatures vanquished.

Vanquished Creatures (others)
  2 plants (D:2)
2 creatures vanquished.

Grand Total: 60 creatures vanquished

Notes
Turn   | Place    | Note
-------+----------+-------------------------------------------
     0 | D:1      | Kinoniko the Troll Monk began the quest for the Orb.
     0 | D:1      | Reached XP level 1. HP: 22/22 MP: 0/0
   159 | D:1      | Reached XP level 2. HP: 27/29 MP: 1/1
   379 | D:1      | Reached skill level 4 in Unarmed Combat
   484 | D:2      | Reached XP level 3. HP: 36/36 MP: 2/2
   564 | D:2      | Noticed Natasha
   567 | D:2      | Killed Natasha
   605 | D:2      | Reached XP level 4. HP: 44/44 MP: 3/3
   978 | D:2      | Noticed Natasha
   984 | D:2      | Killed Natasha
   984 | D:2      | Reached skill level 5 in Unarmed Combat
  1052 | D:2      | Found a blossoming altar of Fedhas.
  1222 | D:2      | Noticed Natasha
  1227 | D:2      | Killed Natasha
  1255 | D:2      | Found a runed translucent door.
  1256 | D:2      | Noticed Crazy Yiuf
  1268 | D:2      | Killed Crazy Yiuf
  1268 | D:2      | Reached XP level 5. HP: 43/50 MP: 2/4
  1462 | D:3      | Reached skill level 6 in Unarmed Combat
  2106 | D:4      | HP: 2/75 [worker ant (2)]
  2107 | D:4      | Slain by a worker ant

Illustrated notes

Levels and vault maps discovered:
D:1:      dpeg_arrival_arbitrary_b, layout_basic
D:2:      layout_basic, fedhas_ov_isle_minmay, uniq_natasha,
          uniq_crazy_yiuf_cottage
D:3:      layout_rooms, palyth_stone_intersect
D:4:      layout_cave_pools, lemuel_coloured_pillars_altar

Skill      XL: |  1  2  3  4  5 |
---------------+----------------+-----
Unarmed Combat | 4 5 6 |  6.3
Fighting       | |  2.4
Long Blades    | |  0.1
Dodging        | |  2.4
Stealth        | |  1.0

Action                   |  1- 3 |  4- 6 || total
-------------------------+-------+-------++-------
Melee: Unarmed           |    65 |    57 ||   122
       Long sword        |       |    25 ||    25
       Punch             |       |     2 ||     2
  Use: Potion            |       |     5 ||     5
       Scroll            |       |     2 ||     2
 Stab: Sleeping          |     4 |       ||     4
Armor: Robe              |    32 |    21 ||    53
       Skin              |       |    16 ||    16
Dodge: Dodged            |    39 |    38 ||    77
       Rpst.: Long sword |       |     4 ||     4

Table legend: (Time is in decaauts)
 A = Elapsed time spent in this place.
 B = Non-inter-level travel time spent in this place.
 C = Inter-level travel time spent in this place.
 D = Time resting spent in this place.
 E = Time spent auto-exploring this place.
 F = Levels seen in this place.
 G = Mean time per level.
                   A        B        C        D        E       F      G
               +--------+--------+--------+--------+--------+-----+--------+
         Total |   2107 |   2064 |     43 |    217 |   1441 |   4 |  526.8 |
       Dungeon |   2107 |   2064 |     43 |    217 |   1441 |   4 |  526.8 |
               +--------+--------+--------+--------+--------+-----+--------+

Top non-repeatable levels by time:
     D:2: 993 daAuts
     D:3: 629 daAuts
     D:1: 451 daAuts
     D:4: 33 daAuts
